 Dungeon Crawl Stone Soup version 0.20.0 (webtiles) character file.

163758 FakerFangirl the Warrior (level 17, -5/158 HPs)
             Began as a Black Draconian Fighter on May 26, 2017.
             Was a High Priest of Cheibriados.
             Slain by a nagaraja
             ... wielding a cursed -1 club
              (6 damage)
             ... on level 4 of the Snake Pit.
             The game lasted 00:34:42 (28559 turns).

FakerFangirl the Warrior (Black Draconian Fighter) Turns: 28559, Time: 00:34:43

Health: -5/158     AC: 16    Str: 32    XL:     17   Next: 24%
Magic:  21/23      EV: 26    Int: 25    God:    Cheibriados [*****.]
Gold:   1699       SH: 23    Dex: 33    Spells: 16/16 levels left

rFire    + . .     SeeInvis +   G - +3 morningstar (drain)
rCold    + . .     Gourm    .   j - +0 large shield
rNeg     . . .     Faith    .   (armour unavailable)
rPois    .         Spirit   .   u - +2 hat
rElec    +         Reflect  .   k - scarf {rC+ rF+}
rCorr    .         Harm     .   f - +2 pair of gloves {Dex+3}
MR       +....                  A - +1 pair of boots
Stlth    ++........             v - amulet of regeneration
Regen    0.8/turn               m - ring of poison resistance
MPRegen  0.2/turn               z - ring of see invisible

@: lethally poisoned (-5 -> -30), about to teleport, poison vulnerable, flying,
slowed, constricted, very slow
A: breathe lightning, unfitting armour, big wings, electricity resistance,
cold-blooded, AC +9
a: Breathe Lightning, Stop Flying, Bend Time, Temporal Distortion, Slouch, Step
From Time, Renounce Religion


You were on level 4 of the Snake Pit.
You worshipped Cheibriados.
Cheibriados was extremely pleased with you.
You were not hungry.

You visited 5 branches of the dungeon, and saw 28 of its levels.

You collected 2497 gold pieces.
You spent 798 gold pieces at shops.


Innate Abilities, Weirdness & Mutations

You can breathe wild blasts of lightning.
Your glossy black scales are hard. (AC +9)
You cannot fit into any form of body armour.
Your large and strong wings let you fly indefinitely.
You are resistant to electric shocks. (rElec)
You are cold-blooded and may be slowed by cold attacks.


   Skills:
 + Level 16.2 Fighting
 - Level 16.0 Maces & Flails
 - Level 15.0 Dodging
 - Level 14.0 Shields
 - Level 8.0 Invocations


You had 16 spell levels left.
You didn't know any spells.

Inventory:

Hand Weapons
 G - a +3 morningstar of draining (weapon)
Armour
 f - a +2 pair of gloves of dexterity (worn)
 g - a +2 cloak
 j - a +0 large shield (worn)
 k - a scarf of resistance (worn)
 u - a +2 hat (worn)
 A - a +1 pair of boots (worn)
Jewellery
 m - a ring of poison resistance (left hand)
 t - the ring of the Mage {Wiz MR++ Int+3}
   (You found it on level 1 of the Lair of Beasts)

   [ring of wizardry]

   It improves your spell success rate.
   It affects your intelligence (+3).
   It affects your resistance to hostile enchantments.
 v - an amulet of regeneration (around neck)
 x - a +2 ring of slaying {mikee}
 y - an uncursed ring of protection from cold
 z - a ring of see invisible (right hand)
 Y - a +4 ring of evasion
Wands
 C - a wand of digging (14/24)
 E - a wand of digging (15/24)
Scrolls
 b - 23 scrolls of identify
 h - a scroll of teleportation
 o - 12 scrolls of remove curse
 w - 3 scrolls of recharging
Potions
 a - 2 potions of mutation
 c - 5 potions of might
 n - 5 potions of curing
 p - a potion of resistance
 q - 4 potions of haste
Comestibles
 d - 9 bread rations
 e - 14 royal jellies
 i - 13 meat rations
 l - 7 chunks of flesh
 s - 44 fruits

Dungeon Overview and Level Annotations

Branches:
Dungeon (15/15)            Temple (1/1) D:4            Lair (6/6) D:9
 Shoals (0/4) Lair:3        Snake (4/4) Lair:2        Slime (0/5) Lair:5
    Orc (2/2) D:12            Elf (0/3) Orc:2        Vaults (0/5) D:14
 Depths (0/5) D:15

Altars:
Ashenzari
Cheibriados
Dithmenos
Elyvilon
Fedhas
Gozag
Hepliaklqana
Kikubaaqudgha
Makhleb
Nemelex Xobeh
Okawaru
Qazlal
Ru
Sif Muna
Trog
Uskayaw
Vehumet
Xom
Yredelemnul
Zin
The Shining One
Beogh

Shops:
D:4 =   D:6 *   Orc:2 [?*:

Portals:
Trove: D:13 (give +4 storm dragon scales)


Message History

The naga sharpshooter unwields an uncursed dire flail.
The naga sharpshooter wields an uncursed arbalest.
The naga sharpshooter casts a spell.
The naga sharpshooter magically shoots a bolt.
The bolt hits you!
The naga mage points at you and mumbles some strange words.
You block the poison arrow.
The anaconda bites you but does no damage.
The anaconda constricts you.
28559 ||| READING 2 scrolls of teleportation.
As you read the scroll of teleportation, it crumbles to dust.
You feel strangely unstable.
You feel very sick.
You are more poisoned. x3
The naga ritualist's toxic aura wanes.
You block the anaconda's attack. The nagaraja spits poison at you.
You block the splash of poison.
The guardian serpent hits you but does no damage.
The anaconda bites you. The anaconda constricts you. The naga mage misses you.
The anaconda closely misses you. The nagaraja hits you with a club.
You die...

...........####........
.........##..##.......
..###.....[.#....#.......
}...##.....##....#.......
.....#.....#)[...#.......
.....####..#))#..#.......
.8NNNN#N##.#))#..#.......
..NNNNSNS#<#..#.)#.######
..NNNSSS@#.#..#....#
..NNNSNSN###..#.)[.#
.8.NSN#.S.##..#....# ...NN
#...#...#....# ....
#.......##...# }..
####.....#####.#
..###..##....#...#.#
###.....##..##.....#
#######........####......##


You could see 2 naga warriors, 3 nagarajas, 3 naga sharpshooters, 3 anacondas, 3
naga ritualists, 5 guardian serpents, a black mamba, 3 naga magi and 8 nagas.

Vanquished Creatures
  Vashnia (Snake:2)
  Agnes (Snake:1)
  Donald (Snake:1)
  7 nagarajas
  Aizul (Snake:2)
  Azrael (D:15)
  2 naga warriors (Snake:3)
  A yaktaur captain (D:14)
  Harold (D:11)
  Erica (D:9)
  A catoblepas (D:15)
  The ghost of Zotango the Carver, a journeyman FoFi of Uskayaw (D:10)
  A rakshasa (D:15)
  2 centaur warriors
  11 hydras
  15 anacondas
  7 two-headed ogres
  2 tengu warriors (D:14)
  A death knight (D:13)
  A dancing weapon (Orc:2)
  11 naga sharpshooters
  An orc high priest (Orc:2)
  4 shock serpents
  2 unseen horrors
  3 salamander mystics
  2 skeletal warriors (D:13)
  A glowing orange brain (D:15)
  A glowing orange brain (shapeshifter) (D:15)
  6 sea snakes
  A phantasmal warrior (D:13)
  6 naga ritualists (Snake:2)
  4 orc knights (Orc:2)
  A wolf spider zombie (D:15)
  14 ugly things
  A wolf spider (D:15)
  7 mana vipers
  6 salamanders
  A deep elf mage (D:15)
  An orc sorcerer (Orc:2)
  4 manticores
  5 cyclopes
  15 naga magi
  19 elephants
  A centaur zombie (D:14)
  5 guardian serpents (Snake:4)
  28 black mambas
  A torpor snail (Lair:4)
  Psyche (D:11)
  2 gargoyles (D:14)
  13 spiny frogs
  A rime drake (shapeshifter) (D:15)
  An efreet (D:13)
  6 komodo dragons
  2 yaktaurs (D:14)
  3 rime drakes
  A freezing wraith (D:13)
  6 hornets
  4 tengu conjurers
  A polar bear (shapeshifter) (D:15)
  2 polar bears
  6 trolls
  12 blink frogs (Lair:6)
  11 slime creatures
  13 hippogriffs
  2 dream sheep (Lair:6)
  39 yaks
  12 spriggans (Lair:6)
  A meliai zombie (D:12)
  4 wraiths
  A steam dragon (Lair:3)
  A fire elemental (D:15)
  7 basilisks
  7 vampire mosquitoes
  2 wyverns
  2 hungry ghosts
  45 nagas
  A warg (Orc:2)
  3 hell hounds (D:15)
  15 water moccasins
  11 porcupines
  8 black bears
  36 orc warriors
  3 sky beasts
  2 ice beasts (D:10)
  A necrophage (D:10)
  An eye of draining (D:10)
  34 wolves
  14 ogres
  4 phantoms
  4 boggarts (Lair:6)
  15 centaurs
  7 crocodiles
  A big kobold (D:11)
  18 bullfrogs
  A wyvern zombie (D:13)
  A water moccasin zombie (D:8)
  A gnoll sergeant (D:10)
  4 scorpions
  A wyvern skeleton (D:13)
  11 killer bees
  A wight (D:9)
  4 electric eels
  9 crimson imps
  15 hounds
  12 jellies
  16 orc priests
  2 bullfrog skeletons
  3 centaur skeletons
  15 orc wizards
  Jessica (D:2)
  Terence (D:2)
  4 iguanas
  9 worker ants
  A hound zombie (D:7)
  A worker ant zombie (D:10)
  Robin (D:2)
  23 adders
  5 gnolls
  4 shadow imps
  5 oozes (D:8)
  3 worms
  2 dart slugs
  7 leopard geckos
  80 orcs
  11 bats
  A bat zombie (D:2)
  5 giant cockroaches
  14 goblins
  19 hobgoblins
  15 jackals
  13 kobolds
  5 quokkas
  8 ball pythons (Snake:3)
  3 frilled lizards
  A jackal skeleton (D:6)
  2 leopard gecko skeletons (D:4)
  4 rats
  2 rat zombies (D:2)
942 creatures vanquished.

Vanquished Creatures (others)
  A naga ritualist (Snake:4)
  A kobold (D:11)
  13 fungi
  11 plants
26 creatures vanquished.

Grand Total: 968 creatures vanquished

Notes
Turn   | Place    | Note
-------+----------+-------------------------------------------
     0 | D:1      | FakerFangirl the Draconian Fighter began the quest for the Orb.
     0 | D:1      | Reached XP level 1. HP: 19/19 MP: 1/1
     0 | D:1      | 0 ||| counter = 76
   240 | D:1      | Reached XP level 2. HP: 25/26 MP: 2/2
   403 | D:1      | Reached skill level 3 in Maces & Flails
   548 | D:1      | 548 ||| Stepping ~*~*~tactically~*~*~ (outnumbered).
   554 | D:1      | Reached XP level 3. HP: 30/31 MP: 3/3
   920 | D:1      | 920 ||| UPGRADING to large shield.
   930 | D:1      | 930 ||| DROPPING +0 shield.
   931 | D:1      | 931 ||| READING scroll labeled KIESUL XUVYN.
   932 | D:1      | 932 ||| READING scroll labeled SOUXZO JOIJIA.
   933 | D:1      | 933 ||| READING scroll labeled MOETAA OCHEM.
   934 | D:1      | 934 ||| DRINKING 2 bubbling emerald potions.
  1011 | D:2      | Noticed Robin
  1093 | D:2      | Noticed Jessica
  1099 | D:2      | Killed Jessica
  1099 | D:2      | Reached XP level 4. HP: 23/38 MP: 4/4
  1792 | D:2      | Noticed Terence
  1803 | D:2      | Killed Terence
  1866 | D:2      | Reached XP level 5. HP: 44/45 MP: 5/5
  1963 | D:2      | Found an ancient bone altar of Kikubaaqudgha.
  2017 | D:2      | Killed Robin
  2466 | D:2      | 2466 ||| UPGRADING to cloak.
  2471 | D:2      | 2471 ||| READING scroll labeled OKUS ATUFO.
  2472 | D:2      | 2472 ||| READING 3 scrolls labeled NEOHEA SEKE.
  2473 | D:2      | 2473 ||| READING scroll labeled TEENTYSUBB.
  2474 | D:2      | 2474 ||| READING 2 scrolls of identify.
  2474 | D:2      | 2474 ||| IDENTIFYING knobbly pearl ring
  2475 | D:2      | 2475 ||| UPGRADING to ring of resist corrosion.
  2476 | D:2      | 2476 ||| DROPPING 2 scrolls of amnesia.
  2986 | D:3      | Found a bloodstained altar of Trog.
  3049 | D:3      | Reached skill level 6 in Maces & Flails
  3726 | D:3      | 3726 ||| UPGRADING to marble ring.
  3727 | D:3      | 3727 ||| READING scroll labeled LIGHOIKATY.
  3730 | D:3      | 3730 ||| READING scroll labeled FUYCWEH MI COXTI.
  3731 | D:3      | 3731 ||| READING 2 scrolls of identify.
  3731 | D:3      | 3731 ||| IDENTIFYING sedimented ruby potion
  4038 | D:4      | Noticed an ogre
  4049 | D:4      | HP: 6/46 [ogre/giant club (13)]
  4050 | D:4      | 4050 ||| DRINKING potion of heal wounds.
  4057 | D:4      | Killed an ogre
  4057 | D:4      | Reached XP level 6. HP: 14/53 MP: 6/6
  4302 | D:4      | Found Akhluutu's Jewellery Boutique.
  4318 | D:4      | 4318 ||| SHOPLISTING ring of Sikud {MR+ Str+4 Int-3 Dex+4} (552 gold, have 213).
  4318 | D:4      | 4318 ||| SHOPLISTING ring of Poogokli {Fire +Inv rElec Stlth-} (579 gold, have 213).
  4318 | D:4      | 4318 ||| SHOPLISTING amulet of faith (520 gold, have 213).
  4318 | D:4      | 4318 ||| SHOPLISTING ring of protection from cold (325 gold, have 213).
  4318 | D:4      | 4318 ||| SHOPLISTING amulet "Umekaimo" {RegenMP *Slow +Blink rC+ Int+4} (699 gold, have 213).
  4569 | D:4      | Found a staircase to the Ecumenical Temple.
  4657 | Temple   | Entered the Ecumenical Temple
  4658 | Temple   | 4658 ||| Entered T.
  4724 | Temple   | Became a worshipper of Cheibriados the Contemplative
  4836 | Temple   | 4836 ||| READING scroll labeled XOUHUWAXTE.
  4837 | Temple   | 4837 ||| READING 4 scrolls of identify.
  4837 | Temple   | 4837 ||| IDENTIFYING metallic blue potion
  4838 | Temple   | 4838 ||| READING 3 scrolls of identify.
  4838 | Temple   | 4838 ||| IDENTIFYING ruby potion
  4839 | Temple   | 4839 ||| READING 2 scrolls of identify.
  4839 | Temple   | 4839 ||| IDENTIFYING yellow potion
  4840 | Temple   | 4840 ||| DROPPING potion of cancellation.
  4957 | D:5      | Entered Level 5 of the Dungeon
  5049 | D:5      | Your scales start taking on a glossy black colour.
  5049 | D:5      | Reached XP level 7. HP: 60/60 MP: 7/7
  5049 | D:5      | Gained mutation: You are resistant to electric shocks. (rElec) [Black Draconian growth]
  5242 | D:5      | 5242 ||| EATING fruit.
  5396 | D:5      | Found an opulent altar of Gozag.
  5579 | D:5      | Reached * piety under Cheibriados
  5912 | D:5      | 5912 ||| READING scroll labeled DYURHE TIDDUGH.
  5913 | D:5      | 5913 ||| READING scroll labeled XIOGUA MEIJEF.
  5914 | D:5      | 5914 ||| READING scroll labeled TONGEANKAMM.
  5915 | D:5      | 5915 ||| READING scroll labeled OBODOXK PYKI.
  5915 | D:5      | Identified a scroll of acquirement
  5917 | D:5      | 5917 ||| UPGRADING to pair of embroidered gloves.
  5922 | D:5      | 5922 ||| READING 2 scrolls of identify.
  5922 | D:5      | 5922 ||| IDENTIFYING fuming cyan potion
  5923 | D:5      | 5923 ||| DROPPING potion of lignification.
  5967 | D:6      | Reached XP level 8. HP: 56/68 MP: 8/8
  5971 | D:6      | Reached skill level 3 in Dodging
  6286 | D:6      | Reached skill level 9 in Maces & Flails
  6303 | D:6      | Reached ** piety under Cheibriados
  6505 | D:6      | Reached skill level 6 in Fighting
  6661 | D:6      | Found Wiofih's General Store.
  6669 | D:6      | Bought a potion of mutation for 96 gold pieces
  6685 | D:6      | Found an iron altar of Okawaru.
  6694 | D:6      | 6694 ||| UPGRADING to small tourmaline ring.
  6696 | D:6      | 6696 ||| READING 3 scrolls labeled AXEKKEA NITEIP.
  6827 | D:6      | 6827 ||| READING 2 scrolls of identify.
  6827 | D:6      | 6827 ||| IDENTIFYING sapphire potion
  6828 | D:6      | 6828 ||| DROPPING potion of invisibility.
  6829 | D:6      | 6829 ||| DROPPING 2 scrolls of torment.
  6863 | D:7      | 6863 ||| SWAPPING to glowing flail.
  6864 | D:7      | 6864 ||| DROPPING +0 flail.
  7172 | D:7      | Reached XP level 9. HP: 75/75 MP: 9/9
  7370 | D:7      | Reached *** piety under Cheibriados
  7725 | D:7      | 7725 ||| READING scroll labeled BEFRAK REALYFU.
  7726 | D:7      | 7726 ||| READING 2 scrolls of identify.
  7726 | D:7      | 7726 ||| IDENTIFYING blue potion
  7727 | D:7      | 7727 ||| DROPPING potion of brilliance.
  7882 | D:8      | Noticed a two-headed ogre
  7894 | D:8      | Killed a two-headed ogre
  7982 | D:8      | 7982 ||| READING scroll of enchant armour.
  7982 | D:8      | 7982 ||| ENCHANTING +0 cloak.
  8028 | D:8      | 8028 ||| READING scroll of enchant weapon.
  8028 | D:8      | 8028 ||| ENCHANTING +3 flail of crushing.
  8246 | D:8      | Reached skill level 6 in Shields
  8608 | D:9      | Reached XP level 10. HP: 85/90 MP: 10/10
  8652 | D:9      | Reached **** piety under Cheibriados
  8957 | D:9      | Noticed Erica
  8984 | D:9      | Killed Erica
  8984 | D:9      | Reached skill level 6 in Dodging
  9225 | D:9      | 9225 ||| Stepping ~*~*~tactically~*~*~ (water).
  9227 | D:9      | Reached ***** piety under Cheibriados
  9350 | D:9      | Found a staircase to the Lair.
  9425 | D:9      | 9425 ||| Stepping ~*~*~tactically~*~*~ (water).
  9471 | D:9      | 9471 ||| SWAPPING to runed whip.
  9472 | D:9      | 9472 ||| SWAPPING to +4 flail of crushing.
  9473 | D:9      | 9473 ||| DROPPING +2 whip of electrocution.
  9601 | D:9      | Noticed a two-headed ogre
  9606 | D:9      | Killed a two-headed ogre
  9673 | D:9      | 9673 ||| UPGRADING to dented diamond amulet.
  9674 | D:9      | 9674 ||| READING scroll labeled DUDADAUNOM.
  9729 | Lair:1   | Entered Level 1 of the Lair of Beasts
  9730 | Lair:1   | 9730 ||| Entered L.
  9768 | Lair:1   | Noticed a spiny frog
  9771 | Lair:1   | Killed a spiny frog
  9858 | Lair:1   | 9858 ||| SWAPPING to runed morningstar.
  9859 | Lair:1   | 9859 ||| DROPPING +4 flail of crushing.
 10073 | Lair:1   | Reached XP level 11. HP: 95/95 MP: 11/11
 10434 | Lair:1   | 10434 ||| UPGRADING to ring of the Mage {Wiz MR++ Int+3}.
 10436 | Lair:1   | 10436 ||| READING scroll labeled RYBIMM SAPO.
 10437 | Lair:1   | 10437 ||| READING scroll labeled KILYMI JOJO.
 10455 | Lair:2   | 10455 ||| STAIRDANCE
 10503 | Lair:2   | Reached skill level 12 in Maces & Flails
 10506 | Lair:2   | Reached skill level 9 in Fighting
 10631 | Lair:2   | Noticed a five-headed hydra
 10673 | Lair:2   | Killed a five-headed hydra
 10963 | Lair:2   | Found a staircase to the Snake Pit.
 11155 | Lair:2   | 11155 ||| Stepping ~*~*~tactically~*~*~ (outnumbered).
 11156 | Lair:2   | 11156 ||| Stepping ~*~*~tactically~*~*~ (outnumbered).
 11565 | Lair:2   | 11565 ||| UPGRADING to pair of boots.
 11570 | Lair:2   | 11570 ||| UPGRADING to large peridot ring.
 11572 | Lair:2   | 11572 ||| UPGRADING to ring of poison resistance.
 11574 | Lair:2   | 11574 ||| UPGRADING to ring of see invisible.
 11576 | Lair:2   | 11576 ||| READING 2 scrolls of identify.
 11576 | Lair:2   | 11576 ||| IDENTIFYING sedimented coppery potion
 11577 | Lair:2   | 11577 ||| DROPPING potion of ambrosia.
 11601 | Lair:3   | 11601 ||| STAIRDANCE
 11612 | Lair:3   | 11612 ||| READING scroll of enchant armour.
 11612 | Lair:3   | 11612 ||| ENCHANTING +0 pair of boots.
 11709 | Lair:3   | Reached skill level 9 in Shields
 12502 | Lair:3   | Reached XP level 12. HP: 75/104 MP: 12/12
 12567 | Lair:3   | Found a staircase to the Shoals.
 12855 | Lair:3   | 12855 ||| UPGRADING to embroidered hat.
 12860 | Lair:3   | 12860 ||| READING 3 scrolls of identify.
 12860 | Lair:3   | 12860 ||| IDENTIFYING fizzy brown potion
 12861 | Lair:3   | 12861 ||| READING 2 scrolls of identify.
 12861 | Lair:3   | 12861 ||| IDENTIFYING coppery potion
 12862 | Lair:3   | 12862 ||| DROPPING potion of flight.
 12945 | Lair:4   | Reached skill level 9 in Dodging
 12947 | Lair:4   | Noticed a seven-headed hydra
 12952 | Lair:4   | Reached ****** piety under Cheibriados
 12959 | Lair:4   | Killed a seven-headed hydra
 12976 | Lair:4   | 12976 ||| INVOKING Slouch.
 12992 | Lair:4   | 12992 ||| Stepping ~*~*~tactically~*~*~ (outnumbered).
 12993 | Lair:4   | 12993 ||| Stepping ~*~*~tactically~*~*~ (outnumbered).
 13000 | Lair:4   | 13000 ||| Stepping ~*~*~tactically~*~*~ (outnumbered).
 13001 | Lair:4   | 13001 ||| Stepping ~*~*~tactically~*~*~ (outnumbered).
 13003 | Lair:4   | HP: 19/106 [elephant (17)]
 13004 | Lair:4   | 13004 ||| READING 4 scrolls of teleportation.
 13005 | Lair:4   | 13005 ||| DRINKING potion of heal wounds.
 13006 | Lair:4   | 13006 ||| Stepping ~*~*~tactically~*~*~ (outnumbered).
 13077 | Lair:4   | 13077 ||| EATING 13 royal jellies.
 13243 | Lair:4   | Reached skill level 1 in Invocations
 14118 | Lair:5   | Noticed a six-headed hydra
 14129 | Lair:5   | Killed a six-headed hydra
 14324 | Lair:5   | Noticed a four-headed hydra
 14334 | Lair:5   | Killed a four-headed hydra
 14370 | Lair:5   | Reached skill level 15 in Maces & Flails
 14403 | Lair:5   | 14403 ||| READING scroll of enchant armour.
 14403 | Lair:5   | 14403 ||| ENCHANTING +1 hat.
 14629 | Lair:5   | Found a staircase to the Slime Pits.
 14839 | Lair:5   | 14839 ||| UPGRADING to twisted blue amulet.
 14841 | Lair:5   | 14841 ||| REMOVING amulet of the gourmand.
 14842 | Lair:5   | 14842 ||| DROPPING amulet of the gourmand.
 14843 | Lair:5   | 14843 ||| UPGRADING to amulet of regeneration.
 14844 | Lair:5   | 14844 ||| UPGRADING to large glass ring.
 14846 | Lair:5   | 14846 ||| UPGRADING to ring of resist corrosion.
 14848 | Lair:5   | 14848 ||| UPGRADING to +2 ring of slaying {mikee}.
 14850 | Lair:5   | 14850 ||| UPGRADING to ring of the Mage {Wiz MR++ Int+3}.
 14852 | Lair:5   | 14852 ||| UPGRADING to ring of poison resistance.
 14854 | Lair:5   | 14854 ||| READING 6 scrolls of identify.
 14854 | Lair:5   | 14854 ||| IDENTIFYING inky potion
 14855 | Lair:5   | 14855 ||| DROPPING potion of magic.
 14904 | Lair:6   | Entered Level 6 of the Lair of Beasts
 14944 | Lair:6   | 14944 ||| EATING 12 royal jellies.
 15007 | Lair:6   | Reached skill level 3 in Invocations
 15016 | Lair:6   | Noticed a four-headed hydra
 15025 | Lair:6   | Killed a four-headed hydra
 15035 | Lair:6   | 15035 ||| INVOKING Slouch.
 15036 | Lair:6   | 15036 ||| INVOKING Slouch.
 15036 | Lair:6   | Reached XP level 13. HP: 106/113 MP: 15/15
 15291 | Lair:6   | 15291 ||| INVOKING Slouch.
 15538 | Lair:6   | 15538 ||| INVOKING Slouch.
 15545 | Lair:6   | 15545 ||| Stepping ~*~*~tactically~*~*~ (outnumbered).
 15624 | Lair:6   | 15624 ||| Stepping ~*~*~tactically~*~*~ (outnumbered).
 15625 | Lair:6   | 15625 ||| Stepping ~*~*~tactically~*~*~ (outnumbered).
 15626 | Lair:6   | 15626 ||| Stepping ~*~*~tactically~*~*~ (outnumbered).
 15627 | Lair:6   | 15627 ||| Stepping ~*~*~tactically~*~*~ (outnumbered).
 15630 | Lair:6   | 15630 ||| Stepping ~*~*~tactically~*~*~ (outnumbered).
 15631 | Lair:6   | 15631 ||| Stepping ~*~*~tactically~*~*~ (outnumbered).
 15632 | Lair:6   | 15632 ||| Stepping ~*~*~tactically~*~*~ (outnumbered).
 15634 | Lair:6   | 15634 ||| Stepping ~*~*~tactically~*~*~ (outnumbered).
 15635 | Lair:6   | 15635 ||| Stepping ~*~*~tactically~*~*~ (outnumbered).
 15636 | Lair:6   | 15636 ||| Stepping ~*~*~tactically~*~*~ (outnumbered).
 15637 | Lair:6   | 15637 ||| Stepping ~*~*~tactically~*~*~ (outnumbered).
 15660 | Lair:6   | HP: 28/116 [spriggan rider/spear (8)]
 15661 | Lair:6   | 15661 ||| READING 5 scrolls of teleportation.
 15662 | Lair:6   | 15662 ||| DRINKING potion of heal wounds.
 15662 | Lair:6   | HP: 12/116 [spriggan rider/spear (11)]
 15665 | Lair:6   | 15665 ||| READING 4 scrolls of teleportation.
 16261 | Lair:6   | 16261 ||| INVOKING Slouch.
 16262 | Lair:6   | 16262 ||| INVOKING Slouch.
 16319 | Lair:6   | 16319 ||| INVOKING Slouch.
 16412 | Lair:6   | 16412 ||| READING scroll of enchant weapon.
 16412 | Lair:6   | 16412 ||| ENCHANTING +1 morningstar of holy wrath.
 16728 | Lair:6   | 16728 ||| UPGRADING to runed cloak.
 16738 | Lair:6   | 16738 ||| DROPPING +1 cloak.
 16739 | Lair:6   | 16739 ||| UPGRADING to jade ring.
 16741 | Lair:6   | 16741 ||| UPGRADING to ring of the Mage {Wiz MR++ Int+3}.
 16743 | Lair:6   | 16743 ||| UPGRADING to ring of poison resistance.
 16745 | Lair:6   | 16745 ||| DRINKING 2 golden potions.
 16746 | Lair:6   | 16746 ||| DROPPING wand of clouds (?/9).
 16747 | Lair:6   | 16747 ||| DROPPING potion of agility.
 16848 | Lair:3   | Reached skill level 6 in Invocations
 16955 | D:10     | Entered Level 10 of the Dungeon
 16965 | D:10     | 16965 ||| STAIRDANCE
 17208 | D:10     | Noticed Zotango's ghost (journeyman FoFi)
 17221 | D:10     | Killed Zotango's ghost
 17221 | D:10     | Gained mutation: Your large and strong wings let you fly indefinitely. [Black Draconian growth]
 17221 | D:10     | Reached XP level 14. HP: 124/124 MP: 18/18
 17222 | D:10     | 17222 ||| INVOKING Fly.
 17222 | D:10     | 17222 ||| FLYING.
 17685 | D:10     | Reached skill level 12 in Fighting
 18108 | D:10     | 18108 ||| READING scroll labeled MOYPLA UCLA.
 18128 | D:11     | Noticed Harold
 18136 | D:11     | Killed Harold
 18477 | D:11     | 18477 ||| Stepping ~*~*~tactically~*~*~ (outnumbered).
 18572 | D:11     | 18572 ||| Stepping ~*~*~tactically~*~*~ (outnumbered).
 18593 | D:11     | Noticed Psyche
 18615 | D:11     | Killed Psyche
 18884 | D:11     | 18884 ||| UPGRADING to dented cameo amulet.
 18886 | D:11     | 18886 ||| REMOVING amulet of faith.
 18887 | D:11     | 18887 ||| UPGRADING to amulet of regeneration.
 18888 | D:11     | 18888 ||| DROPPING amulet of faith.
 18920 | D:12     | 18920 ||| STAIRDANCE
 19210 | D:12     | 19210 ||| Stepping ~*~*~tactically~*~*~ (outnumbered).
 19212 | D:12     | 19212 ||| Stepping ~*~*~tactically~*~*~ (outnumbered).
 19221 | D:12     | 19221 ||| Stepping ~*~*~tactically~*~*~ (outnumbered).
 19226 | D:12     | 19226 ||| Stepping ~*~*~tactically~*~*~ (outnumbered).
 19227 | D:12     | 19227 ||| Stepping ~*~*~tactically~*~*~ (outnumbered).
 19228 | D:12     | 19228 ||| Stepping ~*~*~tactically~*~*~ (outnumbered).
 19229 | D:12     | 19229 ||| Stepping ~*~*~tactically~*~*~ (outnumbered).
 19230 | D:12     | 19230 ||| Stepping ~*~*~tactically~*~*~ (outnumbered).
 19231 | D:12     | 19231 ||| Stepping ~*~*~tactically~*~*~ (outnumbered).
 19232 | D:12     | 19232 ||| Stepping ~*~*~tactically~*~*~ (outnumbered).
 19233 | D:12     | 19233 ||| Stepping ~*~*~tactically~*~*~ (outnumbered).
 19234 | D:12     | 19234 ||| Stepping ~*~*~tactically~*~*~ (outnumbered).
 19319 | D:12     | Found a roughly hewn altar of Beogh.
 19319 | D:12     | Found a staircase to the Orcish Mines.
 19841 | D:13     | 19841 ||| INVOKING Slouch.
 19844 | D:13     | 19844 ||| Stepping ~*~*~tactically~*~*~ (outnumbered).
 19853 | D:13     | HP: 30/125 [efreet/bolt of fire (13)]
 19854 | D:13     | 19854 ||| READING 6 scrolls of teleportation.
 19855 | D:13     | 19855 ||| DRINKING potion of heal wounds.
 20080 | D:13     | 20080 ||| READING scroll of acquirement.
 20376 | D:13     | Found a portal to a secret trove of treasure.
 20407 | D:13     | 20407 ||| UPGRADING to glowing scarf.
 20763 | D:14     | Found a gate to the Vaults.
 20927 | D:14     | 20927 ||| UPGRADING to pair of runed gloves.
 20937 | D:14     | 20937 ||| READING 12 scrolls of remove curse.
 20938 | D:14     | 20938 ||| UPGRADING to +2 pair of gloves of dexterity.
 20948 | D:14     | 20948 ||| DROPPING +0 pair of gloves.
 20949 | D:14     | 20949 ||| READING 2 scrolls labeled MIYHE HEYF.
 20950 | D:14     | 20950 ||| DROPPING scroll of holy word.
 20973 | D:15     | Entered Level 15 of the Dungeon
 20978 | D:15     | 20978 ||| STAIRDANCE
 21058 | D:15     | Noticed Azrael
 21059 | D:15     | 21059 ||| Stepping ~*~*~tactically~*~*~ (outnumbered).
 21080 | D:15     | Killed Azrael
 21085 | D:15     | Reached XP level 15. HP: 86/135 MP: 21/21
 21364 | D:15     | Reached skill level 12 in Dodging
 21483 | D:15     | 21483 ||| READING 6 scrolls of teleportation.
 21493 | D:15     | 21493 ||| INVOKING Slouch.
 21496 | D:15     | 21496 ||| INVOKING Slouch.
 21498 | D:15     | 21498 ||| Stepping ~*~*~tactically~*~*~ (outnumbered).
 21501 | D:15     | 21501 ||| INVOKING Slouch.
 21528 | D:15     | 21528 ||| Stepping ~*~*~tactically~*~*~ (cloud).
 21529 | D:15     | 21529 ||| Stepping ~*~*~tactically~*~*~ (cloud).
 21532 | D:15     | 21532 ||| Stepping ~*~*~tactically~*~*~ (cloud).
 21537 | D:15     | 21537 ||| Stepping ~*~*~tactically~*~*~ (cloud).
 21538 | D:15     | 21538 ||| Stepping ~*~*~tactically~*~*~ (cloud).
 21539 | D:15     | 21539 ||| Stepping ~*~*~tactically~*~*~ (cloud).
 21540 | D:15     | 21540 ||| Stepping ~*~*~tactically~*~*~ (cloud).
 21541 | D:15     | 21541 ||| Stepping ~*~*~tactically~*~*~ (cloud).
 21541 | D:15     | HP: 31/135 [barbs]
 21542 | D:15     | 21542 ||| READING 5 scrolls of teleportation.
 21543 | D:15     | 21543 ||| DRINKING potion of heal wounds.
 21822 | D:15     | Reached skill level 12 in Shields
 22067 | D:15     | 22067 ||| READING 4 scrolls of teleportation.
 22120 | D:15     | 22120 ||| READING 3 scrolls of teleportation.
 22195 | D:15     | Found a staircase to the Depths.
 22200 | D:15     | 22200 ||| READING 18 scrolls of identify.
 22200 | D:15     | 22200 ||| IDENTIFYING lumpy golden potion
 22201 | D:15     | 22201 ||| DROPPING 14 tomahawks.
 22202 | D:15     | 22202 ||| DROPPING potion of berserk rage.
 22363 | Orc:1    | Entered Level 1 of the Orcish Mines
 22364 | Orc:1    | 22364 ||| Entered O.
 22392 | Orc:2    | Entered Level 2 of the Orcish Mines
 22392 | Orc:2    | Found a staircase to the Elven Halls.
 22417 | Orc:2    | 22417 ||| Stepping ~*~*~tactically~*~*~ (outnumbered).
 22654 | Orc:2    | 22654 ||| Stepping ~*~*~tactically~*~*~ (outnumbered).
 22655 | Orc:2    | 22655 ||| Stepping ~*~*~tactically~*~*~ (outnumbered).
 22656 | Orc:2    | 22656 ||| INVOKING Slouch.
 22657 | Orc:2    | 22657 ||| INVOKING Slouch.
 22690 | Orc:2    | Found Zozeunn's Book Boutique.
 22691 | Orc:2    | Found Muocot's Magic Scroll Emporium.
 22691 | Orc:2    | Found Zient's Assorted Antiques.
 22720 | Orc:2    | 22720 ||| INVOKING Slouch.
 22723 | Orc:2    | 22723 ||| Stepping ~*~*~tactically~*~*~ (outnumbered).
 22724 | Orc:2    | 22724 ||| INVOKING Slouch.
 23017 | Orc:2    | 23017 ||| Stepping ~*~*~tactically~*~*~ (outnumbered).
 23021 | Orc:2    | 23021 ||| Stepping ~*~*~tactically~*~*~ (outnumbered).
 23027 | Orc:2    | 23027 ||| Stepping ~*~*~tactically~*~*~ (outnumbered).
 23029 | Orc:2    | 23029 ||| Stepping ~*~*~tactically~*~*~ (outnumbered).
 23040 | Orc:2    | 23040 ||| Stepping ~*~*~tactically~*~*~ (outnumbered).
 23045 | Orc:2    | 23045 ||| Stepping ~*~*~tactically~*~*~ (outnumbered).
 23146 | Orc:2    | Found Zasogec's Antique Armour Shoppe.
 23150 | Orc:2    | Bought a scroll of enchant weapon for 127 gold pieces
 23197 | Orc:2    | 23197 ||| READING scroll of enchant weapon.
 23197 | Orc:2    | 23197 ||| ENCHANTING +2 morningstar of draining.
 23210 | Orc:2    | Bought a potion of might for 100 gold pieces
 23210 | Orc:2    | Bought 2 potions of heal wounds for 250 gold pieces
 23217 | Orc:2    | Bought a pair of runed gloves for 225 gold pieces
 23435 | Orc:2    | 23435 ||| UPGRADING to pair of runed gloves.
 23445 | Orc:2    | 23445 ||| READING 12 scrolls of remove curse.
 23446 | Orc:2    | 23446 ||| UPGRADING to +2 pair of gloves of dexterity.
 23456 | Orc:2    | 23456 ||| DROPPING +0 pair of gloves.
 23515 | Orc:2    | 23515 ||| Stepping ~*~*~tactically~*~*~ (outnumbered).
 23525 | Orc:2    | 23525 ||| Stepping ~*~*~tactically~*~*~ (outnumbered).
 23527 | Orc:2    | 23527 ||| Stepping ~*~*~tactically~*~*~ (outnumbered).
 23528 | Orc:2    | 23528 ||| Stepping ~*~*~tactically~*~*~ (outnumbered).
 23530 | Orc:2    | 23530 ||| Stepping ~*~*~tactically~*~*~ (outnumbered).
 23531 | Orc:2    | 23531 ||| Stepping ~*~*~tactically~*~*~ (outnumbered).
 23532 | Orc:2    | 23532 ||| Stepping ~*~*~tactically~*~*~ (outnumbered).
 23534 | Orc:2    | 23534 ||| Stepping ~*~*~tactically~*~*~ (outnumbered).
 23774 | D:12     | 23774 ||| EATING 15 royal jellies.
 24115 | Snake:1  | Entered Level 1 of the Snake Pit
 24116 | Snake:1  | 24116 ||| Entered P.
 24291 | Snake:1  | Noticed Agnes
 24303 | Snake:1  | Killed Agnes
 24367 | Snake:1  | 24367 ||| INVOKING Slouch.
 24368 | Snake:1  | 24368 ||| Stepping ~*~*~tactically~*~*~ (outnumbered).
 24372 | Snake:1  | 24372 ||| Stepping ~*~*~tactically~*~*~ (outnumbered).
 24377 | Snake:1  | 24377 ||| Stepping ~*~*~tactically~*~*~ (outnumbered).
 24489 | Snake:1  | Noticed Donald
 24630 | Snake:1  | Killed Donald
 24862 | Snake:1  | 24862 ||| UPGRADING to glowing shield {Donald}.
 24872 | Snake:1  | 24872 ||| UPGRADING to +0 large shield.
 24882 | Snake:1  | 24882 ||| DROPPING +2 shield of reflection.
 24924 | Snake:2  | Reached XP level 16. HP: 146/147 MP: 22/22
 25013 | Snake:2  | 25013 ||| Stepping ~*~*~tactically~*~*~ (outnumbered).
 25025 | Snake:2  | Noticed Vashnia
 25025 | Snake:2  | 25025 ||| Stepping ~*~*~tactically~*~*~ (outnumbered).
 25028 | Snake:2  | 25028 ||| Stepping ~*~*~tactically~*~*~ (outnumbered).
 25029 | Snake:2  | 25029 ||| Stepping ~*~*~tactically~*~*~ (outnumbered).
 25034 | Snake:2  | 25034 ||| Stepping ~*~*~tactically~*~*~ (outnumbered).
 25035 | Snake:2  | 25035 ||| Stepping ~*~*~tactically~*~*~ (outnumbered).
 25039 | Snake:2  | 25039 ||| Stepping ~*~*~tactically~*~*~ (outnumbered).
 25040 | Snake:2  | 25040 ||| Stepping ~*~*~tactically~*~*~ (outnumbered).
 25050 | Snake:2  | HP: 35/147 [naga sharpshooter/bolt[Vashnia] (8)]
 25051 | Snake:2  | 25051 ||| READING 5 scrolls of teleportation.
 25052 | Snake:2  | 25052 ||| DRINKING 2 potions of heal wounds.
 25173 | Snake:2  | 25173 ||| EATING 15 royal jellies.
 25423 | Snake:2  | Reached skill level 15 in Fighting
 25453 | Snake:2  | 25453 ||| INVOKING Slouch.
 25579 | Snake:2  | 25579 ||| Stepping ~*~*~tactically~*~*~ (outnumbered).
 25677 | Snake:2  | Noticed Aizul
 25702 | Snake:2  | Killed Aizul
 25844 | Snake:2  | 25844 ||| INVOKING Slouch.
 25890 | Snake:2  | HP: 23/149 [naga sharpshooter/arrow[Vashnia] (20)]
 25891 | Snake:2  | 25891 ||| READING 4 scrolls of teleportation.
 25892 | Snake:2  | 25892 ||| DRINKING potion of heal wounds.
 25895 | Snake:2  | HP: 34/149 [Vashnia/splash of poison (5)]
 25900 | Snake:2  | HP: 35/149 [poisoned by a naga sharpshooter (splash of poison)]
 25905 | Snake:2  | HP: 37/149 [poisoned by a naga sharpshooter (splash of poison)]
 26148 | Snake:2  | 26148 ||| INVOKING Slouch.
 26171 | Snake:2  | HP: 31/149 [Vashnia/uncursed vampiric trident (7)]
 26172 | Snake:2  | 26172 ||| READING 3 scrolls of teleportation.
 26174 | Snake:2  | HP: 10/149 [naga sharpshooter/uncursed scimitar[Vashnia] (16)]
 26180 | Snake:2  | HP: 6/149 [poisoned by a naga sharpshooter (splash of poison)]
 26186 | Snake:2  | HP: 7/149 [poisoned by a naga sharpshooter (splash of poison)]
 26191 | Snake:2  | HP: 9/149 [poisoned by a naga sharpshooter (splash of poison)]
 26199 | Snake:2  | HP: 13/149 [poisoned by a naga sharpshooter (splash of poison)]
 26204 | Snake:2  | HP: 16/149 [poisoned by a naga sharpshooter (splash of poison)]
 26209 | Snake:2  | HP: 18/149 [poisoned by a naga sharpshooter (splash of poison)]
 26215 | Snake:2  | HP: 22/149 [poisoned by a naga sharpshooter (splash of poison)]
 26221 | Snake:2  | HP: 25/149 [poisoned by a naga sharpshooter (splash of poison)]
 26402 | Snake:2  | 26402 ||| Stepping ~*~*~tactically~*~*~ (outnumbered).
 26476 | Snake:2  | 26476 ||| Stepping ~*~*~tactically~*~*~ (outnumbered).
 26617 | Snake:2  | Killed Vashnia
 26982 | Snake:2  | 26982 ||| UPGRADING to diamond ring.
 26984 | Snake:2  | 26984 ||| REMOVING ring of flight.
 26985 | Snake:2  | 26985 ||| DROPPING ring of flight.
 26986 | Snake:2  | 26986 ||| UPGRADING to ring of the Mage {Wiz MR++ Int+3}.
 26987 | Snake:2  | 26987 ||| UPGRADING to tubular marble ring.
 26989 | Snake:2  | 26989 ||| UPGRADING to ring of poison resistance.
 26991 | Snake:2  | 26991 ||| DROPPING ring of positive energy.
 26992 | Snake:2  | 26992 ||| DROPPING ring of resist corrosion.
 26993 | Snake:2  | 26993 ||| READING 24 scrolls of identify.
 26993 | Snake:2  | 26993 ||| IDENTIFYING glowing blue potion
 26994 | Snake:2  | 26994 ||| DROPPING potion of degeneration.
 27014 | Snake:3  | 27014 ||| EATING 15 royal jellies.
 27029 | Snake:3  | 27029 ||| INVOKING Slouch.
 27107 | Snake:3  | 27107 ||| Stepping ~*~*~tactically~*~*~ (outnumbered).
 27613 | Snake:3  | 27613 ||| Stepping ~*~*~tactically~*~*~ (outnumbered).
 27614 | Snake:3  | 27614 ||| Stepping ~*~*~tactically~*~*~ (outnumbered).
 28101 | Snake:3  | 28101 ||| UPGRADING to glowing scarf.
 28111 | Snake:3  | 28111 ||| UPGRADING to +2 cloak.
 28121 | Snake:3  | 28121 ||| UPGRADING to scarf of resistance.
 28131 | Snake:3  | 28131 ||| DROPPING scarf of spirit shield.
 28132 | Snake:3  | 28132 ||| UPGRADING to runed hat.
 28142 | Snake:3  | 28142 ||| DROPPING +2 hat.
 28171 | Snake:4  | Entered Level 4 of the Snake Pit
 28284 | Snake:4  | 28284 ||| Stepping ~*~*~tactically~*~*~ (outnumbered).
 28305 | Snake:4  | Reached XP level 17. HP: 140/158 MP: 23/23
 28414 | Snake:4  | 28414 ||| INVOKING Slouch.
 28416 | Snake:4  | 28416 ||| INVOKING Slouch.
 28418 | Snake:4  | 28418 ||| INVOKING Slouch.
 28520 | Snake:4  | Reached skill level 15 in Dodging
 28533 | Snake:4  | 28533 ||| Stepping ~*~*~tactically~*~*~ (outnumbered).
 28538 | Snake:4  | 28538 ||| INVOKING Slouch.
 28558 | Snake:4  | HP: 39/158 [poisoned by a naga ritualist (toxic radiance)]
 28558 | Snake:4  | HP: 14/158 [naga sharpshooter/bolt (8)]
 28559 | Snake:4  | 28559 ||| READING 2 scrolls of teleportation.
 28559 | Snake:4  | HP: 3/158 [anaconda (4)]
 28559 | Snake:4  | HP: 1/158 [anaconda (2)]
 28559 | Snake:4  | Slain by a nagaraja

Vault maps used:
D:1:      dpeg_arrival_simpleton_c
D:2:      cheibrodos_greedy_goblins, lemuel_zombie_altar_kikubaaqudgha,
          uniq_robin, uniq_terence, uniq_jessica
D:3:      bloody_trog, minmay_unequal
D:4:      temple_doors_cd, serial_shops, shop, first_bread
D:5:      basic_altar
D:6:      kennysheep_mini_moat, serial_shops, shop
D:8:      hangedman_little_slice_of_home
D:9:      erik_lair_island, uniq_erica
D:11:     minivault_26, uniq_psyche, uniq_harold
D:12:     david_orc_5
D:13:     nicolae_trove_entry_diagonal
D:14:     david_vaults_2, serial_bayou_lagoon_a
D:15:     gammafunk_enter_depths_forms, minmay_misc_feat_tiny, uniq_azrael
Temple:   eino_narrow_crystal_temple
Lair:1:   infiniplex_staircase_pool_2, grunt_megastairs_4, lemuel_fruit_fields,
          lemuel_fruit_fields
Lair:2:   minmay_snake_entry_guardpost_small, lemuel_fruit_fields,
          grunt_megastairs_5, lemuel_fruit_tree
Lair:3:   shoals_dummy_entry, st_stairs_3
Lair:5:   minmay_slime_entry_pillars
Lair:6:   minmay_lair_end_enchanted_forest
Snake:1:  serial_bayou_ford_a, uniq_donald, uniq_agnes
Snake:2:  uniq_aizul, uniq_vashnia
Snake:3:  nicolae_snake_springs
Snake:4:  grunt_snake_rune_serpentine_throne, uniq_roxanne, uniq_jorgrun
Orc:1:    uniq_josephine
Orc:2:    st_orc_rangers, nicolae_orc_pool_cavern

Skill      XL: |  1  2  3  4  5  6  7  8  9 10 11 12 13 14 15 16 17 |
---------------+----------------------------------------------------+-----
Maces & Flails | 3 4 5 6 7 8 9 10 11 13 15 16 | 16.0
Fighting       | 4 5 6 8 9 10 11 13 14 16 | 16.2
Shields        | 4 5 6 8 9 10 11 13 14 | 14.0
Dodging        | 4 5 6 8 9 10 11 13 14 15 | 15.0
Invocations    | 3 6 8 |  8.0

Action                   |  1- 3 |  4- 6 |  7- 9 | 10-12 | 13-15 | 16-18 || total
-------------------------+-------+-------+-------+-------+-------+-------++-------
Melee: Flail             |    84 |   259 |   246 |   136 |       |       ||   725
       Tailslap          |     4 |    30 |    49 |   140 |   421 |   143 ||   787
       Morningstar       |       |       |       |   417 |  1469 |   530 ||  2416
Throw: Tomahawk          |       |       |    32 |    76 |    26 |       ||   134
       Javelin           |       |       |    24 |    32 |    87 |       ||   143
Invok: Slouch            |       |       |       |     1 |    13 |     8 ||    22
 Abil: Fly               |       |       |       |       |     1 |       ||     1
  Use: Scroll            |     3 |    11 |    11 |    10 |    15 |     5 ||    55
       Potion            |     1 |     1 |       |     1 |     4 |     2 ||     9
 Stab: Sleeping          |       |     1 |       |       |     2 |     1 ||     4
       Distracted        |       |       |     1 |     1 |     8 |     1 ||    11
  Eat: Chunk             |     1 |    12 |     8 |     9 |    20 |     5 ||    55
       Fruit             |       |       |     1 |       |       |       ||     1
       Royal jelly       |       |       |       |     2 |     1 |     2 ||     5
Armor: Skin              |    19 |    71 |    63 |   112 |   183 |    54 ||   502
Dodge: Dodged            |    25 |    61 |    41 |   252 |   713 |   400 ||  1492
Block: Shield            |    26 |       |       |       |       |       ||    26
       Large shield      |    11 |   198 |   166 |   585 |  1525 |   699 ||  3184
